 Dungeon Crawl Stone Soup version 0.32-a0-571-gec57dfcd37 (webtiles) character file.

Game seed: 3183926782449911966

1399 ytrimaz the Chopper (level 8, -2/64 HPs)
             Began as a Coglin Fighter on Mar 1, 2024.
             Succumbed to Sigmund's poison
             ... on level 5 of the Dungeon.
             The game lasted 00:05:48 (5018 turns).

ytrimaz the Chopper (Coglin Fighter)                Turns: 5018, Time: 00:05:49

Health: -2/64      AC: 14    Str: 19    XL:     8   Next: 69%
Magic:  8/8        EV:  6    Int:  8    God:
Gold:   304        SH:  0    Dex: 13    Spells: 7/7 levels left

rFire   . . .        a - +0 war axe {Koruri}
rCold   . . .        i - +3 hand axe (heavy) {Heine}
rNeg    . . .        m - +0 plate armour
rPois   .            (no helmet)
rElec   .            (no cloak)
rCorr   .            q - +0 pair of gloves
SInv    .            (no boots)
Will    .....        (amulet unavailable) Stlth
                     (ring unavailable)
HPRegen 0.30/turn    (ring unavailable)
MPRegen 0.11/turn    (no gizmo)

%: no passive effects
@: lethally poisoned (-2 -> -15), attractive, revving
A: off-hand wielding, slow wielding, warmup strikes, no jewellery
a: Invent Gizmo


You were on level 5 of the Dungeon.
You visited 1 branch of the dungeon, and saw 7 of its levels.

You collected 304 gold pieces.


Innate Abilities, Weirdness & Mutations

You can wield a second weapon in your off-hand.
It takes a long time for you to wield or remove held weapons.
Your first few attacks do less damage.
You cannot equip rings or amulets.


   Skills:
 + Level 6.0 Fighting
 * Level 6.7 Axes
 + Level 6.3 Armour
 - Level 2.2 Shields


You had 7 spell levels left.
You didn't know any spells.
Your spell library contained the following spells:

 Spells                   Type           Power      Damage    Failure   Level
 Freeze                   Ice            0%         1d3       100%        1
 Frozen Ramparts          Ice            0%         1d1       100%        3
 Hailstorm                Conj/Ice       0%         3d5       100%        3

Inventory:

Hand Weapons
 a - a +0 war axe (weapon) {Koruri}
 f - a +0 war axe {Tae}
   (You found it on level 4 of the Dungeon)
 h - a +0 hand axe
   (You found it on level 1 of the Dungeon)
 i - a +3 heavy hand axe (offhand) {Heine}
   (You took it off an orc on level 4 of the Dungeon)
Armour
 c - a +1 buckler
 m - a +0 plate armour (worn)
   (You found it on level 5 of the Dungeon)
 p - the +0 chain mail of the Pit {Rampage +Blink}
   (You found it on level 2 of the Dungeon)

   +Blink:    It lets you blink.
   Rampage:   It bestows one free step when moving towards enemies.
 q - a +0 pair of gloves (worn)
   (You found it on level 5 of the Dungeon)
Wands
 k - a wand of charming (9)
   (You found it on level 4 of the Dungeon)
Scrolls
 j - 2 scrolls of teleportation
 n - a scroll of identify
Potions
 b - a potion of enlightenment
 d - a potion of might

Dungeon Overview and Level Annotations

Branches:
Dungeon (7/15) Zot: 26603
 Temple: D:4-7

Altars:
Ashenzari
Nemelex Xobeh

#.....>.......#
#.###########.# #.#
##.##### #.# ##......#
#.# ###........
##########.#
#.........#
#..........#
#.#..####.#
#.################†#..#
#.# #.#
#§§§@☼§§§§#.#..####.#
#.#
#§###§§§§.☼.......#.#
#.# #§#####§..#####..
#.# ☼§ #.#+#...#'# #.#
§☼§ ####.......# #.#
.#... §#+#.#..........
#.# #....
###...##......... #.#
#.... #......'.........
#.# #.#.#
#......##.......#


There were no monsters in sight!


Message History

Aim: Sigmund, wielding a +1 scythe of venom and wearing a +0 robe (charmed, slightly transparent, friendly, 68% to hit)
The bolt of acid hits Sigmund.
The acid corrodes Sigmund!
Sigmund is no longer charmed.
You can no longer detect Sigmund.
Deactivating autopickup; reactivate with Ctrl-A.
Something hits you but does no damage.
You are poisoned.
Unknown command.
You miss something with your +0 war axe.
You barely miss something with your +3 heavy hand axe.
You feel sick.
Something hits you but does no damage. 😕 HP[-2]
You take 2 damage, and now have 52/64 hp.
You slash something with your +0 war axe!
You closely miss something with your +3 heavy hand axe.
You feel sick.
You closely miss something with your +0 war axe.
You closely miss something with your +3 heavy hand axe.
You feel sick. Something hits you but does no damage.
You are more poisoned.
You miss something with your +0 war axe.
You barely miss something with your +3 heavy hand axe.
You feel very sick. Something hits you but does no damage.
You are more poisoned. 😮 HP[-5]
You take 5 damage, and now have 47/64 hp.
Aiming: Corrosive Bolt
Press: ? - help, Q - select action, (/) - cycle Shift-Dir - straight line You feel very sick.
Something hits you.
You are more poisoned. 😮 HP[-10]
You take 10 damage, and now have 37/64 hp.
Aiming: Corrosive Bolt
Press: ? - help, Q - select action, (/) - cycle Shift-Dir - straight line You feel very sick.
Something hits you.
* * * LOW HITPOINT WARNING * * *
You are more poisoned. 😨 HP[-9]
You take 9 damage, and now have 28/64 hp.
Aiming: Corrosive Bolt
Press: ? - help, Q - select action, (/) - cycle Shift-Dir - straight line The now-empty wand crumbles to dust.
* * * LOW HITPOINT WARNING * * *
You feel extremely sick. 😨 HP[-7]
You take 7 damage, and now have 21/64 hp.
Unknown command.
Okay, then.
Blink to where?
Press: ? - help, Dir - move target
As you read the scroll of blinking, it crumbles to dust.
* * * LOW HITPOINT WARNING * * *
You feel very sick. 😨 HP[-4]
You take 4 damage, and now have 17/64 hp.
The air fills with toxic fumes!
As you read the scroll of poison, it crumbles to dust.
* * * LOW HITPOINT WARNING * * *
You feel very sick. 😱 HP[-4]
You take 4 damage, and now have 13/64 hp.
Unknown command.
Unknown command.
Okay, then.
You feel attractive to monsters.
* * * LOW HITPOINT WARNING * * *
You feel very sick.
Something is attracted toward you. 😱 HP[-3]
You take 3 damage, and now have 10/64 hp.
Unknown command.
Unknown command.
You swing at nothing.
* * * LOW HITPOINT WARNING * * *
You feel very sick. Something hits you but does no damage.
You are lethally poisoned!
Something is attracted toward you. 😱 HP[-2]
You take 2 damage, and now have 8/64 hp.
Unknown command.
You closely miss something with your +0 war axe.
You hit something but do no damage.
* * * LOW HITPOINT WARNING * * *
You feel very sick.
You hear some strange, mumbled words.
A magic dart appears from out of thin air!
The magic dart hits you.
* * * LOW HITPOINT WARNING * * *
😱 HP[-7]
You take 7 damage, and now have 1/64 hp.
Unknown command.
Unknown command.
You hit something with your +0 war axe.
Reactivating autopickup.
You feel a bit more experienced.
You die...

Skill      XL: |  1  2  3  4  5  6  7  8 |
---------------+-------------------------+-----
Armour         | 3 4 5 6 |  6.3
Axes           | 3 5 6 |  6.7
Fighting       | 4 5 6 |  6.0
Shields        | |  2.2

Action                     |  1- 3 |  4- 6 |  7- 9 || total
---------------------------+-------+-------+-------++-------
  Melee: War axe           |   116 |   139 |    68 ||   323
         Hand axe          |       |       |    69 ||    69
  Evoke: Wand              |       |       |     7 ||     7
    Use: Scroll            |       |     6 |     6 ||    12
         Potion            |       |     4 |     3 ||     7
 Armour: Scale mail        |   100 |       |       ||   100
         Chain mail        |       |   101 |    48 ||   149
         Skin              |       |       |     2 ||     2
         Plate armour      |       |       |    43 ||    43
  Dodge: Dodged            |    58 |    33 |    22 ||   113
  Block: Buckler           |    32 |    14 |       ||    46

Levels and vault maps discovered:
D:1:      dpeg_arrival_line_fractal, layout_loops_ring, chequers_avenue,
          reono_crystal_passage, st_stairs_13, minivault_24
D:2:      layout_basic, chequers_ecumenical_altar_simple_redux
D:3:      layout_loops_corners, gammafunk_temple_overflow_pools, uniq_natasha
D:4:      layout_basic, guppyfry_early_orc_mine
D:5:      nicolae_cairo_tiling_very_big, layout_loops_ring,
          overflow_temple_1_default, minivault_26,
          minmay_misc_feat_more_columns, uniq_ijyb, uniq_crazy_yiuf_cottage,
          uniq_sigmund
D:6:      layout_basic, kennysheep_okawaru_gauntlet,
          minmay_temple_entry_water_ring, serial_demonic, serial_demonic_f,
          serial_demonic_d, serial_demonic_g, serial_demonic_e, uniq_menkaure,
          uniq_grinder
D:7:      layout_basic, uniq_jeremiah

Notes
Turn   | Place    | Note
-------+----------+-------------------------------------------
     0 | D:1      | ytrimaz the Coglin Fighter began the quest for the Orb.
     0 | D:1      | Reached XP level 1. HP: 18/18 MP: 1/1
     0 | D:1      | magus.rc [v1.9.6]
   148 | D:1      | Reached XP level 2. HP: 24/24 MP: 2/2
   192 | D:1      | Reached skill level 3 in Armour
   421 | D:1      | Reached XP level 3. HP: 25/29 MP: 3/3
  1036 | D:2      | Found a faded altar of an unknown god.
  1417 | D:2      | Reached XP level 4. HP: 34/35 MP: 4/4
  1558 | D:2      | Identified the +0 chain mail of the Pit {Rampage +Blink}
  1868 | D:3      | Noticed Natasha
  1877 | D:3      | Killed Natasha
  2356 | D:3      | Reached skill level 4 in Armour
  2362 | D:3      | HP: 5/37 [orc priest/divine providence (8)]
  2363 | D:3      | Reached XP level 5. HP: 6/42 MP: 5/5
  2365 | D:3      | Reached skill level 3 in Axes
  2365 | D:3      | HP: 2/42 [orc priest/+0 trident (3)]
  2466 | D:3      | Noticed Natasha
  2474 | D:3      | Killed Natasha
  2700 | D:3      | Noticed Natasha
  2707 | D:3      | Killed Natasha
  2708 | D:3      | Reached skill level 4 in Fighting
  2790 | D:3      | Found a broken altar of Ashenzari.
  2791 | D:3      | Found a sparkling altar of Nemelex Xobeh.
  2915 | D:4      | Reached XP level 6. HP: 41/48 MP: 6/6
  3020 | D:4      | HP: 11/48 [iguana (4)]
  3022 | D:4      | Reached skill level 5 in Armour
  3227 | D:4      | Reached XP level 7. HP: 33/55 MP: 7/7
  3636 | D:4      | Reached skill level 4 in Axes
  3701 | D:4      | You pick up a book of Frost and begin reading...
  3701 | D:4      | You add the spells Freeze, Frozen Ramparts and Hailstorm to
                  | your library.
  3991 | D:5      | Entered Level 5 of the Dungeon
  4125 | D:5      | You fall into a shaft and drop 2 floors!
  4129 | D:7      | Noticed a steam dragon
  4135 | D:7      | Killed a steam dragon
  4240 | D:7      | Reached skill level 5 in Fighting
  4295 | D:7      | Reached skill level 5 in Axes
  4346 | D:7      | Noticed Jeremiah
  4360 | D:7      | HP: 10/48 [Jeremiah/+3 trident of draining (8)]
  4373 | D:7      | Reached XP level 8. HP: 17/55 MP: 8/8
  4377 | D:7      | HP: 10/82 [Jeremiah/+3 trident of draining (9)]
  4378 | D:7      | Killed Jeremiah
  4379 | D:7      | Reached skill level 6 in Axes
  4379 | D:7      | Reached skill level 6 in Armour
  4976 | D:5      | Reached skill level 6 in Fighting
  4994 | D:5      | Noticed Sigmund
  5014 | D:5      | HP: 13/64 [poisoned by Sigmund]
  5017 | D:5      | HP: 3/64 [poisoned by Sigmund]
  5017 | D:5      | HP: 1/64 [something/magic dart (2)]
  5018 | D:5      | Killed Sigmund
  5018 | D:5      | Succumbed to Sigmund's poison

Vanquished Creatures
  Jeremiah (D:7)
  Sigmund (D:5)
  A steam dragon (D:7)
  An ice beast (D:6)
  2 black bears
  An ogre (D:4)
  3 orc priests
  3 hounds (D:5)
  A sleepcap (D:5)
  2 orc wizards (D:4)
  2 iguanas (D:4)
  Natasha (thrice) (D:3)
  6 adders
  4 dart slugs
  19 orcs
  13 endoplasms
  2 giant cockroaches
  9 goblins
  8 hobgoblins
  4 jackals (D:1)
  2 quokkas
  3 ball pythons
  3 bats
  6 frilled lizards
  7 kobolds
  5 rats
112 creatures vanquished.

Vanquished Creatures (collateral kills)
  An ice beast (D:7)
1 creature vanquished.

Grand Total: 113 creatures vanquished

Table legend:
 A = Non-vault XP
 B = Vault XP
 C = Vault XP percentage of total XP
 D = Non-vault monster count
 E = Vault monster count
 F = Vault count percentage of total count
                 A         B        C        D         E       F
            +---------+---------+-------+---------+---------+-------
      Total |    1463 |     779 |  34.7 |     102 |      11 |   9.7
            +---------+---------+-------+---------+---------+-------
        D:1 |      43 |       2 |   4.4 |      23 |       1 |   4.2
        D:2 |      53 |       0 |   0.0 |      20 |       0 |   0.0
        D:3 |     156 |      33 |  17.5 |      18 |       1 |   5.3
        D:4 |     242 |     124 |  33.9 |      20 |       7 |  25.9
        D:5 |     345 |     243 |  41.3 |      14 |       1 |   6.7
        D:6 |     133 |       0 |   0.0 |       1 |       0 |   0.0
        D:7 |     491 |     377 |  43.4 |       6 |       1 |  14.3
            +---------+---------+-------+---------+---------+-------

Skill      XL: |  1  2  3  4  5  6  7  8 |
---------------+-------------------------+-----
Armour         | 3 4 5 6 |  6.3
Axes           | 3 5 6 |  6.7
Fighting       | 4 5 6 |  6.0
Shields        | |  2.2

Action                     |  1- 3 |  4- 6 |  7- 9 || total
---------------------------+-------+-------+-------++-------
  Melee: War axe           |   116 |   139 |    68 ||   323
         Hand axe          |       |       |    69 ||    69
  Evoke: Wand              |       |       |     7 ||     7
    Use: Scroll            |       |     6 |     6 ||    12
         Potion            |       |     4 |     3 ||     7
 Armour: Scale mail        |   100 |       |       ||   100
         Chain mail        |       |   101 |    48 ||   149
         Skin              |       |       |     2 ||     2
         Plate armour      |       |       |    43 ||    43
  Dodge: Dodged            |    58 |    33 |    22 ||   113
  Block: Buckler           |    32 |    14 |       ||    46

Illustrated notes

Table legend:
 A = Kills in this place as a percentage of kills in the entire game.
 B = Kills by you in this place as a percentage of kills by you in the entire game.
 C = Kills by friends in this place as a percentage of kills by friends in the entire game.
 D = Other kills in this place as a percentage of other kills in the entire game.
 E = Experience gained in this place as a percentage of experience gained in the entire game.
 F = Experience gained in this place divided by the number of levels of this place that you have seen.
                   A       B       C       D       E      F
               +-------+-------+-------+-------+-------+----------------------
         Total | 100.0 | 100.0 | 100.0 |   N/A | 100.0 | 320.3
       Dungeon | 100.0 | 100.0 | 100.0 |   N/A | 100.0 | 320.3
               +-------+-------+-------+-------+-------+----------------------

Table legend: (Time is in decaauts)
 A = Elapsed time spent in this place.
 B = Non-inter-level travel time spent in this place.
 C = Inter-level travel time spent in this place.
 D = Time resting spent in this place.
 E = Time spent auto-exploring this place.
 F = Levels seen in this place.
 G = Mean time per level.
                   A        B        C        D        E       F      G
               +--------+--------+--------+--------+--------+-----+--------+
         Total |   5136 |   4980 |    156 |     10 |   4045 |   7 |  733.7 |
       Dungeon |   5136 |   4980 |    156 |     10 |   4045 |   7 |  733.7 |
               +--------+--------+--------+--------+--------+-----+--------+

Top non-repeatable levels by time:
     D:3: 1111 daAuts
     D:4: 1108 daAuts
     D:1: 945 daAuts
     D:2: 922 daAuts
     D:7: 512 daAuts
     D:5: 470 daAuts
     D:6: 65 daAuts
